[Event "16th Serbian-ch Women 2022"]
[Site "Bajina Basta"]
[Date "2022.12.07"]
[Round "2.3"]
[White "Manakova, Maria"]
[Black "Bojicic, Andjela"]
[Result "1-0"]
[ECO "B07"]
[WhiteElo "2160"]
[BlackElo "2117"]
[Annotator "TA"]
[PlyCount "144"]
[EventDate "2022.12.06"]
[EventType "tourn"]
[EventCountry "SRB"]
[SourceTitle "playchess.com"]
[Source "ChessBase"]
[SourceQuality "1"]
[TimeControl "40/5400+30:1800+30"]

1. e4 g6 2. d4 Bg7 3. Nc3 d6 4. Be3 Nf6 5. Qd2 O-O 6. f3 h5 {[%emt 0:01:10] B07: Pirc Defence: Miscellaneous Systems.} 7. Nge2 c6 8. a4 Qc7 {[%emt 0:04:29] [#] White is slightly better.} 9. h3 $146 ({Predecessor:} 9. Bh6 Kh7 10. Bxg7 Kxg7 11. Nc1 e5 12. Bc4 Nbd7 13. N1e2 d5 14. exd5 Nb6 15. Bb3 Nbxd5 16. Nxd5 Nxd5 17. Bxd5 cxd5 18. dxe5 Qxe5 {½-½ (29) Antal,L (2179)-Monori,Z (2113) Budapest 2012}) 9... e5 10. g4 Nbd7 (10... Qa5 $1 $14) 11. O-O-O $16 a6 12. gxh5 (12. f4 $16) 12... Nxh5 $11 13. f4 b5 14. dxe5 (14. Rg1 $1 $11) 14... dxe5 $15 15. f5 b4 (15... gxf5 $1 $15 {stays ahead.} 16. exf5 Ndf6) 16. Nb1 $16 b3 17. cxb3 (17. fxg6 {with more complications.} Ndf6 18. Nec3 Be6 19. Na3) 17... Qb7 (17... gxf5 $16 18. exf5 Ndf6) 18. Qc2 Rb8 (18... Ndf6 $142) 19. Nd2 $18 Kh7 20. Bg2 Ndf6 21. Bf3 Rd8 22. Rhg1 {[%emt 0:13:15] Against c5} a5 23. Rg2 Bd7 24. Bg5 Rdc8 25. Bxh5 Nxh5 26. Nc4 Rc7 27. Nxa5 {[%emt 0:08:15] Pair of Knights!} Qb6 28. Bd2 c5 29. Nc4 (29. Kb1 $18) 29... Qxb3 $16 30. Qxb3 Rxb3 31. Ba5 ({Better is} 31. Nc3 $16) 31... Rcb7 (31... Ra7 $11) 32. Bc3 (32. Nd6 $14) 32... Ra7 (32... Bxa4 $11 33. fxg6+ fxg6) 33. Nxe5 {[%emt 0:00:37] [#]} (33. Rd6 $14) 33... Bxe5 $4 (33... Rxc3+ $1 $17 34. Nxc3 Bxe5) 34. Bxe5 Bxa4 $2 (34... gxf5 $16 35. Bc3 (35. Rg5 Rxh3 36. Bb8 Rb7 $14) 35... Bxa4) 35. Rd8 Ng7 (35... f6 $142) 36. Nf4 $18 Rd7 37. Rxd7 Bxd7 38. fxg6+ fxg6 39. Nxg6 Bxh3 40. Nf8+ (40. Rg1 $1 $18 {and the rest is easy. Black must now prevent Nf8+.} Ne6 41. Bc3) 40... Kg8 $16 41. Rxg7+ Kxf8 {[%emt 0:00:06][%mdl 4096] Endgame KRB-KRB} 42. Rc7 Rb4 43. Bd6+ (43. Rxc5 $6 Ke7 $11) 43... Ke8 44. e5 (44. Rxc5 $6 Rxe4 45. Rc7 Kd8 $11) 44... Rc4+ 45. Kd2 {[%emt 0:00:31] White is much more active.} Kd8 46. Ra7 (46. Rxc5 $16 Rxc5 47. Bxc5) 46... Bf5 47. Rf7 Bg6 48. Rf6 Be8 (48... Bb1 $14) 49. b3 Rb4 (49... Re4 $16 {might work better.}) 50. Kc3 $18 ({Weaker is} 50. Bxc5 Rxb3 51. e6 Kc7 $11) 50... Re4 51. e6 (51. Bxc5 Rxe5 52. Kc4 Rh5 $11) 51... Re3+ 52. Kb2 Re2+ 53. Ka3 Rc2 54. Rf4 {[%emt 0:03:24] Inhibits c4.} Bc6 55. Rf5 (55. Rh4 $18 {has better winning chances.}) 55... c4 $16 56. b4 {[%emt 0:00:25] Strongly threatening b5.} (56. e7+ {seems wilder.} Kd7 57. Bb4 cxb3 58. Rf8) 56... Rc3+ {[%emt 0:00:47] [#]} 57. Kb2 $1 Rd3 $2 (57... Rb3+ $16 {keeps fighting.} 58. Ka2 Re3) 58. Rf8+ Be8 59. Bc5 Rh3 60. Kc2 Rb3 61. Rh8 {[%emt 0:00:45] Threatens to win with Bf2.} Rd3 $2 (61... Rg3 62. Rf8 Rd3) 62. Rh4 $2 (62. Bf2 $18 {White threatens Bh4+ and mate.} Ke7 63. Bh4+ Kxe6 64. Rxe8+ Kf5 65. Rc8) 62... Ba4+ $11 63. Kb2 Bb5 $2 (63... c3+ $11 {and Black has nothing to worry.} 64. Ka2 (64. Ka3 $2 c2+ 65. Kb2 Rb3+ 66. Kxc2 Rxb4+ 67. Kd2 Rxh4 $19) 64... c2 65. e7+ (65. Kb2 $2 Rb3+ 66. Kxc2 Rxb4+ 67. Kc3 Rxh4 $19) 65... Kd7) 64. Rh8+ (64. e7+ $142 Kc7 {[#]} 65. Rxc4 $3 ) 64... Be8 (64... Kc7 $142 65. Rh7+ Kc8) 65. Rh4 Bb5 $1 66. e7+ Kc7 {[%emt 0:01:14] [#]} 67. Rxc4 $3 Rd2+ (67... Rd5 68. Rf4) 68. Kc3 Re2 69. Rh4 Re6 70. Rh5 Ba6 $2 {[%emt 0:00:28] [#]} (70... Bc6 $18 71. Kc4 Re1) 71. Rh6 $3 Kc6 (71... Rxe7 72. Bxe7) 72. Kc2 Kc7 {[%emt 0:00:30] Weighted Error Value: White=0.40/Black=0.46} 1-0

[Event "16th Serbian-ch Women 2022"]
[Site "Bajina Basta"]
[Date "2022.12.07"]
[Round "2.4"]
[White "Drljevic, Ljilja"]
[Black "Dimitrijevic, Andjela"]
[Result "1/2-1/2"]
[ECO "D00"]
[WhiteElo "2175"]
[BlackElo "1993"]
[Annotator "TA"]
[PlyCount "120"]
[EventDate "2022.12.06"]
[EventType "tourn"]
[EventCountry "SRB"]
[SourceTitle "playchess.com"]
[Source "ChessBase"]
[SourceQuality "1"]
[TimeControl "40/5400+30:1800+30"]

1. d4 d5 2. Bg5 h6 3. Bh4 Nd7 4. e3 Ngf6 5. Bd3 e6 (5... e5 $15) 6. Nd2 {[%emt 0:06:19] D00: 1 d4 d5: Unusual lines.} Be7 7. f4 c5 8. c3 $1 Qb6 9. Rb1 O-O {[%emt 0:12:06] [#]} 10. Nh3 $146 ({Predecessor:} 10. Ngf3 Re8 11. O-O a5 12. Ne5 a4 13. a3 Nf8 14. Bxf6 Bxf6 15. Qh5 Re7 16. Rf3 cxd4 17. exd4 {½-½ (49) Van Renswoude,J (2034)-Brouwer,R Bussum 2012}) 10... cxd4 (10... Qd8 $11) 11. exd4 $14 Re8 12. Bf2 a5 13. O-O Qc6 14. Qe2 {[%emt 0:01:12] Inhibits b5.} b6 15. g4 Bb7 16. g5 Ne4 17. Be3 (17. Bb5 $142 Qd6 18. gxh6) 17... hxg5 (17... g6 $16 {is a better defense.}) 18. fxg5 (18. Bb5 Qc7 $16) ({Better is} 18. Nxe4 $18 dxe4 19. Bb5) 18... e5 $1 19. Nxe4 (19. Qh5 g6 20. Qg4 Nd6 $11) (19. Bb5 {looks sharper.} Qe6 20. Nxe4 dxe4 21. Qh5) 19... dxe4 20. Bc4 (20. Bb5 $5 Qe6 21. Qh5 $11) 20... Rf8 21. b3 {[%emt 0:07:15] Qh5 is the strong threat.} (21. Bb5 {is interesting.} Qe6 22. Qh5 Ba6 23. Bxa6 Rxa6 24. a4) 21... Qg6 {[%emt 0:03:07] Against Qh5} 22. Nf2 (22. a4 $14) 22... Kh8 ({Black should try} 22... Bxg5 $15 23. Qg4 b5 24. Qxg5 (24. Bxg5 $2 bxc4 25. Qxd7 Qxg5+ 26. Qg4 Qxg4+ 27. Nxg4 cxb3 $17) 24... Qxg5+ 25. Bxg5 bxc4 26. bxc4 Ba6 27. Nxe4 Bxc4) 23. h4 (23. Qg4 $14 exd4 24. Qh3+ (24. Qxd7 $2 dxe3 25. Qxe7 exf2+ 26. Kxf2 e3+ 27. Qxe3 Qc2+ 28. Be2 Rae8 $19) (24. cxd4 f5 $14) 24... Kg8 25. cxd4 (25. Qxd7 dxe3 26. Qxe7 exf2+ 27. Rxf2 b5 $17)) 23... f5 $11 24. h5 (24. Nh3 $1 $11) 24... Qe8 (24... Qd6 $17 25. Nh3 f4 26. dxe5 Nxe5 27. Bxf4 (27. Rxf4 $2 Nf3+ 28. Kh1 Rxf4 $19) 27... Qc5+ 28. Be3 Nf3+ 29. Rxf3 exf3 30. Bxc5 Bxc5+ 31. Qf2 Bxf2+ 32. Kxf2 Rad8) 25. Nh3 $1 $15 f4 (25... Rc8 $5 26. dxe5 Nxe5 $15) 26. Bxf4 exf4 $17 (26... Rxf4 {keeps more tension.} 27. Nxf4 exf4 28. Rxf4 Bxg5 29. Rf5 e3) 27. Rxf4 (27. Nxf4 $17 Rxf4 28. Rxf4 Bxg5 29. Rf7) 27... Bd6 28. Rxf8+ Nxf8 (28... Qxf8 29. Rf1 Qe8 30. g6 $14) 29. Rf1 $2 {[%emt 0:00:28] Inhibits b5.} (29. g6 {keeps fighting.} Qe7 30. Rf1) 29... Qd7 30. Nf2 Qe8 $2 (30... b5 $19 31. Bxb5 Qf5) 31. Re1 $2 (31. Nh3 $1 $11) 31... e3 32. Qxe3 Qxh5 $40 {[%emt 0:00:23][%mdl 128] Black is out for blood.} 33. Qh3 {[%emt 0:00:29] Against ?nota?} Qxh3 34. Nxh3 Bc6 {[%emt 0:00:32] Prevents g6.} 35. Bf7 Ra7 36. g6 Re7 37. Rf1 (37. Rxe7 $17 {is the only way for White.} Bxe7 38. Kf2) 37... Be8 $2 (37... Re3 $19 38. d5 Bxd5 39. Bxd5 Rxh3) 38. Ng5 $11 Bc7 (38... Nxg6 39. Bxe8 Rxe8 40. Nf7+ Kg8 41. Nxd6 $18) 39. Kf2 {[%emt 0:00:47] Intending Rh1+ and mate.} Bxf7 $1 (39... Nxg6 $2 {gets mated.} 40. Rh1+) (39... Bc6 $2 40. d5 Rxf7+ 41. Nxf7+ Kg8 42. dxc6 $18) 40. Nxf7+ (40. Rh1+ $11 {and White stays safe.} Kg8 41. gxf7+ Rxf7+ 42. Nxf7 Kxf7 43. Kf3) 40... Kg8 $19 41. Rg1 {[%emt 0:04:30] [#]} Nxg6 $1 42. Rxg6 {[%emt 0:00:31] And now Ng5 would win.} (42. Nh6+ Kh7) 42... Rxf7+ {[%emt 0:02:15][%mdl 4096] Endgame KRB-KR} (42... Kxf7 $2 {is the wrong capture.} 43. Rc6 $19) 43. Ke3 Rf6 44. Rg1 Kf7 45. Ke4 Bf4 46. c4 g5 {[%emt 0:01:52] aiming for ...Kg6.} 47. a3 Ke6 48. b4 axb4 49. axb4 Bd2 {[%emt 0:00:00] Strongly threatening ...Rf4+.} 50. c5 (50. Rg2 $142 Bf4 51. c5) 50... bxc5 ({Weaker is} 50... Bxb4 51. Rxg5 bxc5 52. dxc5 $11) 51. bxc5 {[%emt 0:00:48] [#]} Rf5 {[%emt 0:00:51] Inhibits d5+.} (51... Rf4+ $1 $19 52. Kd3 Rf2) 52. Kd3 $2 (52. Ra1 $17 {was the only chance.} Rf4+ 53. Kd3) 52... Kd5 $2 53. Kxd2 $11 {[%emt 0:00:29] Threatens to win with Kc3. The position is equal.} Kxd4 {[%emt 0:00:18] KR-KR} 54. c6 Rf2+ 55. Kd1 Rf6 56. Rg4+ Kc5 57. c7 Rc6 58. Rxg5+ Kb6 59. Rg6 Kxc7 60. Rxc6+ Kxc6 {[%emt 0:00:05] And White is the lucky defender.   Weighted Error Value: White=0.50/Black=0.51} 1/2-1/2

[Event "16th Serbian-ch Women 2022"]
[Site "Bajina Basta"]
[Date "2022.12.07"]
[Round "2.5"]
[White "Srdanovic, Jovana"]
[Black "Grozdanovic, Anastasia"]
[Result "0-1"]
[ECO "D43"]
[WhiteElo "2189"]
[BlackElo "1870"]
[Annotator "TA"]
[PlyCount "56"]
[EventDate "2022.12.06"]
[EventType "tourn"]
[EventCountry "SRB"]
[SourceTitle "playchess.com"]
[Source "ChessBase"]
[SourceQuality "1"]
[TimeControl "40/5400+30:1800+30"]

1. d4 d5 2. c4 c6 3. Nc3 Nf6 4. Nf3 e6 5. Bg5 h6 6. Bh4 dxc4 7. a4 Bb4 8. Bxf6 Qxf6 9. e4 {[%emt 0:07:17] D43: Semi-Slav: 5 Bg5 h6.} (9. e3 $11) 9... b5 $17 {[%emt 0:02:31] Black is more active.} 10. Be2 Bxc3+ ({Black should play} 10... a6 $17 {Black wants to play ...Bb7.} 11. O-O Bb7) 11. bxc3 $11 {[%emt 0:00:04] The position is equal.} Nd7 12. O-O {[%emt 0:06:56] [#]} a6 $146 ({Predecessor:} 12... Qf4 13. Qc2 Nf6 14. e5 Qe4 15. Qb2 Nd5 16. Rfe1 Nf4 17. Bf1 Qg6 18. g3 h5 {1-0 (58) Dos Santos,G (1734)-Born,A (1365) Porto Alegre 2018}) 13. Nd2 Bb7 14. Qb1 (14. e5 $5 Qe7 15. Ne4 $11) 14... Rb8 15. e5 Qd8 16. f4 (16. Ne4 $15 O-O 17. axb5 (17. Nd6 c5 $17) 17... cxb5 18. Nd6) 16... Nc5 $2 {[%emt 0:07:02][%mdl 8192] [#]} 17. Qc2 ({White should try} 17. Nxc4 $1 $16 bxc4 18. dxc5) 17... Nxa4 18. Ne4 {[%emt 0:04:02] Black must now prevent Nd6+.} O-O {[%emt 0:03:04][%cal Oc6c5] And now ...c5! would win.} 19. f5 {[%emt 0:05:43] [#] Prevents c5. Now White is beyond hope.} (19. Rxa4 $1 $15 bxa4 20. Nc5) 19... c5 $1 $19 20. f6 $2 (20. Nd6 Qg5 21. Nxb7 Rxb7 22. fxe6 Qe3+ 23. Kh1 Nxc3 24. Bg4) 20... Bxe4 {[%emt 0:01:42] Black is clearly winning.} (20... cxd4 21. fxg7 Kxg7 22. Rf6 Nxc3 23. Nxc3 $17) 21. Qxe4 Nxc3 22. Qf3 Qxd4+ 23. Kh1 Qxe5 24. fxg7 Qxg7 (24... Qxe2 $2 25. gxf8=Q+ (25. gxf8=N Qxf3 26. Rxf3 Ne4 $17) 25... Rxf8 26. Qxc3 $18) ({Weaker is} 24... Nxe2 25. gxf8=N Rxf8 26. Qg4+ Kh8 27. Rae1 $14) 25. Rac1 Nxe2 26. Qxe2 Rbd8 27. Rf4 Rd4 28. Rf3 Rg4 {[%emt 0:01:31] Weighted Error Value: White=0.62/Black=0.29 (precise)} 0-1

[Event "16th Serbian-ch Women 2022"]
[Site "Bajina Basta"]
[Date "2022.12.08"]
[Round "3.1"]
[White "Grozdanovic, Anastasia"]
[Black "Eric, Jovana"]
[Result "0-1"]
[ECO "E11"]
[WhiteElo "1870"]
[BlackElo "2245"]
[Annotator "TA"]
[PlyCount "166"]
[EventDate "2022.12.06"]
[EventType "tourn"]
[EventCountry "SRB"]
[SourceTitle "playchess.com"]
[Source "ChessBase"]
[SourceQuality "1"]
[TimeControl "40/5400+30:1800+30"]

1. d4 Nf6 2. c4 e6 3. Nf3 Bb4+ 4. Bd2 Qe7 5. g3 Bxd2+ 6. Nbxd2 {[%emt 0:00:10] E11: Bogo-Indian.} d6 7. Bg2 e5 8. O-O {[%emt 0:01:34] The position is equal.} e4 9. Ne1 e3 10. Nb3 exf2+ 11. Rxf2 {[%emt 0:00:08] [#]} Ng4 $146 ({Predecessor:} 11... O-O 12. Qd2 Nc6 13. Nc2 Ne4 14. Bxe4 Qxe4 15. Qd3 Qe7 16. e4 Bd7 17. Ne3 Rae8 {0-1 (63) Karas,M (2196)-Klimkowski,J (2296) Chess.com INT 2021}) 12. Rf3 O-O 13. Nc2 a5 14. h3 (14. Qd3 {keeps more tension.} Nc6 15. a3 f5 16. Raf1) 14... Nf6 15. Re3 {[%emt 0:02:46] Against c6} Qd8 16. Qd3 Nc6 17. Nd2 d5 (17... Nb4 $5 18. Nxb4 axb4 $11) 18. c5 (18. Rf3 $11) 18... Ne7 19. Rf1 Ng6 20. Ne1 (20. Ref3 $15) 20... b6 21. cxb6 cxb6 22. a3 (22. Nef3 $15) 22... Ba6 23. Qf5 Rc8 ({Better is} 23... Re8 24. Qf2 Rc8) 24. Nb1 $17 Rc4 25. Qd3 {[%emt 0:04:11] Prevents Ne4.} b5 (25... Ne4 $17 {And now ...f5 would win.} 26. Bxe4 dxe4 27. Rxe4 Qc8) 26. Nd2 $15 {[%emt 0:01:50] Prevents f5.} Rc6 27. Nb3 b4 28. Qd2 Ne4 29. Bxe4 dxe4 30. axb4 axb4 31. Rxe4 Qd5 (31... Bc8 $15) 32. Re3 $11 Bc4 33. Qxb4 Qg5 34. Kf2 (34. Ng2 {simplifies} Be6 35. g4 Rc2 36. Nd2) 34... Qf5+ 35. Nf3 Qxh3 $2 (35... Bxb3 $11 {and Black is okay.} 36. g4 (36. Rxb3 Qxh3 37. Rg1 Rf6 $11) 36... Qf4 37. Qxb3 Rf6) 36. Rc1 $2 (36. Na5 $18 Bxe2 37. Kxe2 (37. Rxe2 Rf6 $16)) 36... Bd5 $14 {[%emt 0:05:55] aiming for ...Bxf3.} 37. Rxc6 Bxc6 38. Nbd2 h5 $1 39. Qc5 (39. Qd6 {looks sharper.} h4 40. gxh4 Bxf3 41. Nxf3 Nxh4 42. Qh2) 39... Ba8 (39... h4 $11 40. Qg5 (40. Qxc6 $2 hxg3+ 41. Ke1 Qh1+ $19) 40... hxg3+ 41. Qxg3 Qc8) 40. d5 (40. Qg5 $16) 40... h4 $11 41. Nxh4 Nxh4 42. gxh4 Qxh4+ (42... Qh2+ $1 $15 43. Kf1 Qh1+ 44. Kf2 Bxd5) 43. Kf1 (43. Rg3 $11 {was preferrable.}) 43... Qh1+ $15 44. Kf2 Bxd5 {[%emt 0:00:45] Hoping for ...Qh2+.} 45. Nf3 {[%emt 0:01:06] Prevents Qh2+.} Bxf3 46. Rxf3 {[%emt 0:01:51][%mdl 4096] Endgame KQR-KQR} Qh4+ 47. Ke3 Re8+ 48. Kd2 Qh6+ 49. Kd1 Qe6 50. Qb5 Qe4 51. Qd3 Qa4+ 52. Qb3 Rd8+ 53. Ke1 Qh4+ 54. Kf1 {[%emt 0:00:26] [#]} (54. Rg3 $17 {is a better defense.}) 54... Rd1+ $3 $19 55. Kg2 Qh1+ 56. Kg3 Rg1+ $1 57. Kf2 (57. Kf4 {was necessary.}) 57... Rg2+ 58. Ke3 Qh6+ 59. Kd3 Qd6+ 60. Kc3 $2 (60. Kc2 {was the crucial defense.} Rxe2+ 61. Kb1 Re1+ 62. Ka2 Qa6+ 63. Qa3 Qe6+ 64. Qb3) 60... Qe5+ (60... Rxe2 61. Qxf7+ Kh8 62. Rh3+) 61. Kc4 Rxe2 (61... Qxe2+ $142 62. Qd3 Qe6+ 63. Kc5 Qc8+ 64. Kd4 Rg4+ 65. Ke3 Qc5+ 66. Kd2 Rg2+ 67. Qe2 Qb4+ 68. Kd1 Rxe2 69. Kxe2 Qxb2+ 70. Kf1 Qh2 71. Rf2 Qh1+ 72. Ke2 Qe4+ 73. Kd2 Qd4+ 74. Ke2 g5 75. Rf3 g4 76. Rd3 Qe5+ 77. Kf2 Qf4+ 78. Ke2 g3 79. Rd8+ Kg7 80. Rd1 g2 81. Kd3 Qg3+ 82. Kd2 g1=Q 83. Rxg1 Qxg1 84. Kc3 Qc5+ 85. Kd2 Kf6 86. Kd3 Ke5 87. Ke2 Ke4 88. Kd2 f5 89. Ke1 Ke3 90. Kd1 f4 91. Ke1 Qc1#) 62. Qb7 Rc2+ (62... Rxb2 $2 63. Qxf7+ Kh8 64. Rh3+) 63. Rc3 Qe2+ 64. Kc5 {[%emt 0:00:27] Black must now prevent Qc8+.} Qh5+ ({Not} 64... Rxb2 65. Qc8+ Kh7 66. Qh3+ Kg8 67. Qc8+ Kh7 68. Qf5+ Kg8 69. Qc8+ $11) (64... g5 $19 {is more deadly.} 65. Rxc2 Qxc2+ 66. Kd4 Kg7) 65. Kc4 $17 Rh2 ({Avoid the trap} 65... Qe2+ $2 66. Kc5 Qe5+ 67. Kc4 Rxc3+ 68. bxc3) 66. b4 $2 (66. Rf3 $17) 66... Kh7 $2 (66... Qe2+ $19 67. Kc5 Rh5+ 68. Kc6 Qe6+ 69. Kc7 Qe5+ 70. Kb6 Qxc3 71. Qa8+ Kh7 72. Qe4+ f5 73. Qd5 Qxb4+ 74. Kc7 Qe7+ 75. Kc8 Qe8+ 76. Kc7 f4 77. Qc4 f3 78. Qd3+ Kh8 79. Qd4 Qe5+ 80. Qxe5 Rxe5 81. Kd6 Rh5 82. Ke6 f2 83. Ke7 f1=Q 84. Kd6 Qa6+ 85. Ke7 Rd5 86. Kf8 Qf6+ 87. Ke8 Rd8#) 67. Qe4+ (67. Qd7 $1 $15) 67... f5 68. Qe6 {[%emt 0:00:48] [#]} (68. Qd3 $17) 68... Rh4+ $1 $19 69. Kc5 {[%emt 0:00:44] [#]} f4+ $1 ({Inferior is} 69... Qg4 70. Rc4 Qg1+ 71. Kb5 $17) 70. Kd6 $2 (70. Qd5 $17) 70... f3 {[%emt 0:01:14] ( -> ...f2)} 71. Rc5 {[%emt 0:00:40] Prevents f2.} Rd4+ (71... Qh6 $142 72. Qxh6+ Rxh6+ 73. Ke7 Rb6 74. Rh5+ Kg6) 72. Kc6 Qh6 73. Qxh6+ Kxh6 {[%emt 0:00:05] KR-KR} 74. Rf5 Rxb4 75. Rxf3 Rd4 76. Kc5 Rd7 (76... Rd8 $142 77. Rh3+ Kg5 78. Rg3+ Kf6 79. Rf3+ Ke5) 77. Kc4 Kg5 $2 (77... g5 78. Rf8 g4) 78. Rg3+ $2 (78. Rf1) 78... Kf5 79. Rd3 Rxd3 {[%emt 0:00:28] Black mates.} 80. Kxd3 Kg4 81. Ke2 Kg3 82. Kf1 g5 83. Kg1 g4 {[%emt 0:00:03] Weighted Error Value: White=0.38/Black=0.18 (very precise)} 0-1

[Event "16th Serbian-ch Women 2022"]
[Site "Bajina Basta"]
[Date "2022.12.08"]
[Round "3.2"]
[White "Dimitrijevic, Andjela"]
[Black "Srdanovic, Jovana"]
[Result "0-1"]
[ECO "B23"]
[WhiteElo "1993"]
[BlackElo "2189"]
[Annotator "TA"]
[PlyCount "96"]
[EventDate "2022.12.06"]
[EventType "tourn"]
[EventCountry "SRB"]
[SourceTitle "playchess.com"]
[Source "ChessBase"]
[SourceQuality "1"]
[TimeControl "40/5400+30:1800+30"]

1. e4 c5 2. Nc3 Nc6 3. Bb5 Nd4 4. Nf3 a6 5. Bd3 g6 6. O-O {[%emt 0:05:43] B23: Closed Sicilian: Lines without g3.} Bg7 7. Rb1 d6 8. b4 {[%emt 0:16:37] The position is equal.} cxb4 9. Rxb4 Nc6 10. Rb1 Nf6 {[%emt 0:01:52][%cal Bg8f6,Bf6d7,Bd7b6][%mdl 32] [#]} 11. Re1 $146 ({Predecessor:} 11. Bb2 O-O 12. Nd5 Nxd5 13. Bxg7 Kxg7 14. exd5 Ne5 15. Nxe5 dxe5 16. c4 Qd6 17. Qe2 {1-0 (32) Shevchenko,K (2652)-Vokhidov,S (2536) Chess.com INT 2022}) 11... O-O 12. Bf1 b5 13. h3 Qa5 14. a3 Nd7 15. Nd5 e6 {[%emt 0:05:42] Prevents d4.} 16. Nb4 Nce5 17. Nxe5 dxe5 18. Bb2 Qc7 19. Rc1 Nb6 {[%emt 0:01:04] Prevents c4.} 20. c4 bxc4 21. a4 ({Better is} 21. Nc2 $15) 21... a5 $17 22. Na2 Ba6 23. Nc3 Rfd8 24. Qc2 Qd7 {[%emt 0:01:19] Black is more active.} 25. Rcd1 (25. Ba3 $17) 25... Rab8 26. Ba3 Bf8 27. Bxf8 Kxf8 (27... Rxf8 28. Rb1 $17) 28. Re3 Qc6 29. d3 cxd3 30. Bxd3 Bxd3 31. Rexd3 Rxd3 32. Qxd3 Kg8 (32... Nxa4 33. Nxa4 Qxa4 34. Qd6+ Kg7 35. Qxe5+ f6 36. Qc7+ (36. Qxb8 $2 Qxd1+ 37. Kh2 Qd7 $19) 36... Kh6 37. Qf4+ Kg7 38. Qc7+ Kh6 39. Qf4+ Kg7 40. Qc7+ $11) 33. Qg3 Rc8 (33... Nxa4 $142 34. Qxe5 Ra8) 34. Ne2 {[%emt 0:00:33][%mdl 8192] [#] Loses the game.} (34. Qxe5 $17 {was called for.} Nxa4 35. Nb5) 34... Qxe4 $19 ({Worse is} 34... Nxa4 35. Qxe5 Nb6 36. Qxa5 $17) (34... Qxa4 $2 {loses.} 35. Qd3) 35. Nc3 Qf4 (35... Qc2 $2 36. Qxe5 Nd5 37. Rxd5 exd5 38. Nxd5 Qb1+ 39. Kh2) 36. Qd3 Qd4 37. Qc2 (37. Qa6 Qb4 38. Rb1 Qxc3 39. Qxb6) 37... Rxc3 38. Qe2 Qc5 ({Not} 38... Qxa4 39. Rd8+ Kg7 40. Qxe5+ Kh6 41. Qxc3 $16) 39. Rd2 Kg7 40. Ra2 Nd7 41. Rd2 Nf6 42. Rb2 Qd4 {[%emt 0:00:00] Threatens to win with ...Rc1+.} 43. Rd2 Rc1+ 44. Kh2 {[%emt 0:00:00] [#]} Qa1 (44... Ng4+ $142 $1 45. Qxg4 Qxd2 46. Qg3 Qf4 47. h4 Qxg3+ 48. Kxg3 Rc4 49. Kh3 Rxa4 50. Kg3 Rd4 51. h5 gxh5 52. f4 a4 53. Kf3 a3 54. f5 exf5 55. Kf2 a2 56. g4 Rxg4 57. Kf3 a1=Q 58. Ke3 Qa2 59. Kf3 Qg2+ 60. Ke3 Rg3#) 45. Ra2 Rh1+ {[%emt 0:00:00] Black mates.} 46. Kg3 Nh5+ 47. Kf3 Qc3+ 48. Qe3 e4+ {[%emt 0:06:49] Weighted Error Value: White=0.57/Black=0.11 (very precise)} 0-1

[Event "16th Serbian-ch Women 2022"]
[Site "Bajina Basta"]
[Date "2022.12.08"]
[Round "3.3"]
[White "Bojicic, Andjela"]
[Black "Drljevic, Ljilja"]
[Result "0-1"]
[ECO "A54"]
[WhiteElo "2117"]
[BlackElo "2175"]
[Annotator "TA"]
[PlyCount "92"]
[EventDate "2022.12.06"]
[EventType "tourn"]
[EventCountry "SRB"]
[SourceTitle "playchess.com"]
[Source "ChessBase"]
[SourceQuality "1"]
[TimeControl "40/5400+30:1800+30"]

1. d4 Nf6 2. c4 d6 3. Nf3 Nbd7 4. Nc3 e5 5. Bg5 Be7 6. e3 h6 7. Bh4 O-O 8. Qc2 c6 {[%emt 0:01:43] A54: Old Indian Defence with Nf3, but without e4.} 9. O-O-O (9. Be2 $14) 9... exd4 $11 10. exd4 d5 {[%emt 0:03:18] [#] The position is equal.} 11. c5 $146 (11. Re1 {is interesting.} dxc4 12. Bxc4 Nb6 13. Bb3) ({Predecessor:} 11. g4 dxc4 12. Rg1 Nh7 13. Bxe7 Qxe7 14. Bxc4 Qf6 15. Bd3 Qxf3 16. Bxh7+ Kh8 17. Bd3 {0-1 (42) Iotov,V (2502)-Janev,E (2488) Sunny Beach 2007}) 11... b6 12. cxb6 (12. Na4 $1 $15 {was preferrable.}) 12... axb6 $17 13. Bd3 b5 14. g4 {[%emt 0:07:47] [#]} (14. Rhe1 $17 {was worth a try.}) 14... b4 $1 $19 (14... Nxg4 15. Bxe7 Qxe7 16. Rdg1 $15) 15. Na4 Nxg4 16. Bxe7 Qxe7 17. b3 {[%emt 0:06:37] Prevents c5.} Qf6 18. Qe2 (18. h3 $142) 18... c5 19. h3 Qf4+ 20. Kb1 Ngf6 ({Not} 20... c4 $2 21. hxg4 cxd3 22. Qxd3) 21. Qe3 {[%emt 0:05:15] Against Re8} Qxe3 22. fxe3 c4 23. Bc2 Re8 {[%emt 0:00:38][%cal Bf8e8,Be8e5,Be5c5][%mdl 32] Prevents Ne5.} 24. Rhe1 Bb7 25. Ne5 Nxe5 26. dxe5 Rxe5 27. bxc4 dxc4 28. Nb6 {[%emt 0:00:39] Against b3} Rb8 {[%emt 0:02:38][%cal Ob4b3] aiming for ...b3!} ({Resist} 28... Nd5 29. Nxa8 Bxa8 30. Rd4 $14) 29. Nxc4 Rc5 $36 {[%emt 0:00:17][%mdl 2048] Black is on the roll.} 30. Bb3 Bd5 31. Rd4 Ne4 {[%emt 0:00:50] Strongly threatening ...Bxc4.} 32. Kb2 {[%emt 0:00:21] [#]} Nf2 (32... Nc3 $142 $1 33. Nd6 Ra8 34. Bxd5 Nxd5) 33. Re2 (33. Rf1 $17 Nd3+ 34. Rxd3 Bxc4 35. Bxc4 Rxc4 36. Rd7) 33... Nxh3 34. Red2 Be6 35. e4 Ng5 36. R2d3 Kh7 37. Nd2 g6 38. Bxe6 Nxe6 (38... fxe6 $2 {is the wrong capture.} 39. Kb3 $19) 39. Rd7 Kg7 40. Rf3 Ng5 41. Rf2 h5 42. Rf4 Rc3 43. e5 Re3 {[%emt 0:03:46] Prevents e6.} 44. Nc4 Re2+ 45. Kb3 Kh6 {[%emt 0:08:54] ...Ne6 is the strong threat.} 46. Re7 (46. Rd5) 46... Ne6 {[%emt 0:02:55] Weighted Error Value: White=0.45/Black=0.18 (very precise)} 0-1